 Dungeon Crawl Stone Soup version 0.14-a0-181-gf6fe0c6 (webtiles) character file.

301 Malachi the Vexing (level 4, -13/30 HPs)
             Began as a Vampire Enchanter on Oct 6, 2013.
             Killed by divine providence
             ... invoked by an orc priest
              (17 damage)
             ... on Level 3 of the Dungeon.
             The game lasted 00:04:57 (1961 turns).

Malachi the Vexing (Vampire Enchanter)              Turns: 1961, Time: 00:04:57

HP -13/30        AC  4     Str  7      XL: 4   Next: 92%
MP   8/8         EV 11     Int 20      God:
Gold 169         SH  0     Dex 14      Spells:  2 memorised,  2 levels left

Res.Fire  : . . .   See Invis. : +   g - +3,+1 elf short sword (venom)
Res.Cold  : . . .   Warding    : .   k - +0 troll leather armour (curse)
Life Prot.: + . .   Conserve   : .   (no shield)
Res.Poison: .       Res.Corr.  : .   (no helmet)
Res.Elec. : .       Clarity    : .   (no cloak)
Sust.Abil.: . .     Spirit.Shd : .   (no gloves)
Res.Mut.  : .       Stasis     : .   (no boots)
Res.Rott. : .       Flight     : .   (no amulet)
Saprovore : . . .                    q - ring of sustenance
                                     f - +2 ring of intelligence

@: somewhat resistant to hostile enchantments, stealthy
A: fangs 3, see invisible, magic resistance 1, unbreathing
a: Bat Form


You were on level 3 of the Dungeon.
You were not thirsty.

You visited 1 branch of the dungeon, and saw 3 of its levels.

You collected 149 gold pieces.

Inventory:

Hand weapons
 a - a +1,+1 dagger
 g - a +3,+1 elven short sword of venom (weapon)
Missiles
 d - 12 darts (quivered)
Armour
 b - a +1 robe
 k - a cursed +0 troll leather armour (worn)
Magical devices
 l - a wand of paralysis (12) {unknown}
Scrolls
 h - a scroll of identify
 m - a scroll of fog {unknown}
 n - a scroll of remove curse {unknown}
 o - a scroll of recharging {unknown}
Jewellery
 f - a +2 ring of intelligence (left hand)
 q - a ring of sustenance (right hand)
Potions
 e - 2 potions of blood
Books
 c - a book of Maledictions

   Spells                             Type                      Level
   *Corona                            Hexes                        1
   Sure Blade                         Hexes/Charms                 2
   *Ensorcelled Hibernation           Hexes/Ice                    2
   Confuse                            Hexes                        3
   Enslavement                        Hexes                        4
   Invisibility                       Hexes                        6


   Skills:
 + Level 0.6 Fighting
 + Level 1.3 Short Blades
 + Level 0.7 Throwing
 + Level 3.5 Dodging
 + Level 4.4 Stealth
 + Level 1.3 Spellcasting
 * Level 6.0 Hexes


You had 2 spell levels left.
You knew the following spells:

 Your Spells              Type           Power        Failure   Level  Hunger
a - Corona                Hex            ####...      1%          1    ##.....
b - Ensorcelled Hibernat  Hex/Ice        ##....       10%         2    ###....


Dungeon Overview and Level Annotations

Branches:
Dungeon (3/27)

Altars:
Nemelex Xobeh
Sif Muna
Yredelemnul


Innate Abilities, Weirdness & Mutations

You have razor-sharp teeth.*
You have supernaturally acute eyesight.
You can survive without breathing.*
You are resistant to hostile enchantments.+


Message History

You feel troubled. The orc barely misses you.
You hit the orc but do no damage.
The orc looks even sicker.
Your bite misses the orc. The orc hits you.
An orc comes into view. It is wielding an orcish club.
You hit the orc but do no damage.
The orc looks even sicker.
The orc closely misses you.
You hit the orc. You bite the orc.
The orc is severely wounded.
You kill the orc!
The orc priest mumbles some strange prayers to Beogh against you.
Something smites you!
* * * LOW HITPOINT WARNING * * *
Use which ability? (? or * to list)
Okay, then.
Drink which item? (? for menu, Esc to quit)
Okay, then.
The orc priest calls down the wrath of Beogh upon you.
Something smites you!
Ouch! That really hurt!
You die...

#...........#
#.#####.###.#
#.....%..#
#.# ..#######
#.# #.# #.#
#.#
#.#########.#
#..oo.o..@..#
#############


You could see an orc priest and 2 orcs.

Vanquished Creatures
  An orc wizard (D:3)
  3 adders (D:3)
  The ghost of timbw the Firebug, a weakling HuFE (D:3)
  2 giant geckos (D:1)
  An ooze (D:2)
  4 orcs (D:3)
  A ball python (D:3)
  2 giant cockroaches (D:1)
  6 goblins
  11 hobgoblins
  3 jackals (D:2)
  A quokka (D:3)
  13 bats
  A giant newt (D:2)
  7 kobolds
  4 rats
61 creatures vanquished.

Notes
Turn   | Place    | Note
--------------------------------------------------------------
     0 | D:1      | Malachi, the Vampire Enchanter, began the quest for the Orb.
     0 | D:1      | Reached XP level 1. HP: 13/13 MP: 4/4
   267 | D:1      | Reached skill level 5 in Hexes
   267 | D:1      | Reached XP level 2. HP: 11/19 MP: 3/5
   271 | D:1      | Learned a level 2 spell: Ensorcelled Hibernation
   930 | D:2      | Reached XP level 3. HP: 24/24 MP: 6/6
  1451 | D:3      | Found a basalt altar of Yredelemnul.
  1504 | D:3      | Reached XP level 4. HP: 25/30 MP: 8/8
  1509 | D:3      | Noticed timbw's ghost (weakling HuFE)
  1519 | D:3      | Killed timbw's ghost
  1685 | D:3      | Found a deep blue altar of Sif Muna.
  1720 | D:3      | Reached skill level 6 in Hexes
  1846 | D:3      | Gained mutation: You are resistant to hostile enchantments. [potion of beneficial mutation]
  1905 | D:3      | Found a sparkling altar of Nemelex Xobeh.
  1961 | D:3      | Killed from afar by an orc priest

Action                   |  1- 3 |  4- 6 || total
-------------------------+-------+-------++-------
Melee: Dagger            |    46 |       ||    46
       Short sword       |   109 |    46 ||   155
 Cast: Corona            |     3 |       ||     3
       Ensorcelled Hiber |     4 |       ||     4
  Use: Potion            |       |     3 ||     3
       Scroll            |       |     1 ||     1
 Stab: Sleeping          |     6 |     2 ||     8
